 Dungeon Crawl Stone Soup version 0.29-a0-352-g0917bc69df (webtiles) character file.

Game seed: 6768099354248091275

1294 YayAnonymity the Shield-Bearer (level 8, -1/67 HPs)
             Began as a Gnoll Fighter on Apr 24, 2022.
             Was an Initiate of the Shining One.
             Slain by Grinder (3 damage)
             ... on level 5 of the Dungeon.
             The game lasted 00:10:14 (6802 turns).

YayAnonymity the Shield-Bearer (Gnoll Fighter)      Turns: 6802, Time: 00:10:15

Health: -1/67      AC: 14    Str: 15    XL:     8   Next: 56%
Magic:  13/13      EV:  9    Int: 11    God:    the Shining One [......]
Gold:   209        SH: 10    Dex: 11    Spells: 13/13 levels left

rFire   . . .      SeeInvis .     - Unarmed
rCold   . . .      Faith    .   c - +0 kite shield
rNeg    + . .      Spirit   .   n - +4 scale mail {Will+}
rPois   .          Reflect  .   p - +0 helmet
rElec   .          Harm     .   (no cloak)
rCorr   .          Rampage  .   (no gloves)
Will    +....                   e - +0 pair of boots
Stlth   +.........              (no amulet)
HPRegen 0.21/turn               l - ring of positive energy
MPRegen 0.13/turn               (no ring)

@: glowing
A: fangs 1, strong nose, distributed training
a: Renounce Religion


You were on level 5 of the Dungeon.
You worshipped the Shining One.
The Shining One was noncommittal.
You visited 2 branches of the dungeon, and saw 6 of its levels.

You collected 209 gold pieces.

Inventory:

Hand Weapons
 a - a +2 rapier of holy wrath
 b - a +0 hunting sling
Missiles
 o - 5 silver boomerangs
Armour
 c - a +0 kite shield (worn)
 e - a +0 pair of boots (worn)
 n - a +4 scale mail of willpower (worn)
 p - a +0 helmet (worn)
Jewellery
 f - a ring of willpower
 l - a ring of positive energy (left hand)
Wands
 d - a wand of acid (2)
 w - a wand of flame (14)
Scrolls
 g - 5 scrolls of teleportation
 h - a scroll of identify
Potions
 i - a potion of curing
 j - 2 potions of lignification
 m - 2 potions of flight
 q - a potion of heal wounds
 r - 5 potions of haste
 s - a potion of attraction {unknown}
 v - a potion of brilliance {unknown}


   Skills:
 + Level 7.4 Fighting
 + Level 3.3 Short Blades
 + Level 3.3 Long Blades
 + Level 3.3 Axes
 + Level 5.7 Maces & Flails
 + Level 3.3 Polearms
 + Level 3.3 Staves
 + Level 3.3 Slings
 + Level 3.3 Bows
 + Level 3.3 Crossbows
 + Level 3.3 Throwing
 + Level 7.4 Armour
 + Level 3.3 Dodging
 + Level 3.3 Stealth
 + Level 7.4 Shields
 + Level 3.3 Unarmed Combat
 + Level 3.3 Spellcasting
 + Level 2.7 Conjurations
 + Level 2.7 Hexes
 + Level 2.7 Summonings
 + Level 2.7 Necromancy
 + Level 2.7 Translocations
 + Level 2.7 Transmutations
 + Level 2.7 Fire Magic
 + Level 2.7 Ice Magic
 + Level 2.7 Air Magic
 + Level 2.7 Earth Magic
 + Level 2.7 Poison Magic
 + Level 3.7 Invocations
 + Level 3.3 Evocations


You had 13 spell levels left.
You didn't know any spells.
Your spell library contained the following spells:

 Spells                   Type           Power      Damage    Failure   Level
 Pain                     Necr           28%        1d5       56%         1
 Slow                     Hex            28%        N/A       56%         1
 Conjure Flame            Conj/Fire      7%         6-21      90%         3
 Ignite Poison            Fire/Tmut/Pois 7%         N/A       90%         3
 Sticky Flame             Conj/Fire      7%         2d3       100%        4
 Agony                    Necr           7%         N/A       100%        5
 Excruciating Wounds      Necr           3%         N/A       100%        5


Dungeon Overview and Level Annotations

Branches:
Dungeon (5/15)             Temple (1/1) D:4

Altars:
Ashenzari
Dithmenos
Gozag
Kikubaaqudgha
Nemelex Xobeh
Okawaru
Qazlal
Ru
Trog
Wu Jian
Zin
The Shining One
Lugonu

Annotations:
D:5 Grinder


Innate Abilities, Weirdness & Mutations

You have very sharp teeth.
Your uncanny sense of smell can sniff out nearby items.
Your experience applies equally to all skills.


Message History

* * * LOW HITPOINT WARNING * * *
The ufetubus barely misses you.
You hit Grinder but do no damage.
Grinder is heavily wounded.
The ufetubus hits you but does no damage.
The ufetubus barely misses you. Grinder barely misses you.
You block the ufetubus's attack. The ufetubus hits you.
* * * LOW HITPOINT WARNING * * *
You hit Grinder but do no damage.
Grinder is heavily wounded.
The ufetubus barely misses you. You block the ufetubus's attack.
Grinder gestures at you. Pain shoots through your body!
* * * LOW HITPOINT WARNING * * *
You hit Grinder.
Grinder is heavily wounded.
The ufetubus barely misses you.
The ufetubus hits you but does no damage.
You block Grinder's attack.
The ufetubus hits you but does no damage.
You block the ufetubus's attack.
You hit Grinder. You bite Grinder, but do no damage.
Grinder is severely wounded.
The ufetubus closely misses you. The ufetubus barely misses you.
Grinder completely misses you. You block the ufetubus's attack.
The ufetubus barely misses you.
You barely miss Grinder.
Grinder is severely wounded.
Grinder gestures at you. Pain shoots through your body!
* * * LOW HITPOINT WARNING * * *
You block the ufetubus's attack. The ufetubus closely misses you.
Grinder gestures at you. You resist with almost no effort.
You hit Grinder. You bite Grinder, but do no damage.
Grinder is severely wounded.
The ufetubus closely misses you. You block the ufetubus's attack.
The ufetubus hits you but does no damage.
You block the ufetubus's attack. Grinder hits you.
You die...

#.# #.# #.##.##.#.#....
#..####.# #.......#.#....
#......#.####.####.#..##
#..##..#...........#####
#......######.######
###.....).......#
##......[....#####
##..........###
#.........5@.#
##..........#5##
##...........##.## ###
#...^........##..###..##
##...........####......(#
##............#
##..)ยง.##
##............##
#......########
#.............#
##..............
.............##
#...............


You could see Grinder and an ufetubus.

Vanquished Creatures
  Prince Ribbit (D:5)
  Sigmund (D:2)
  Eustachio (D:4)
  An ice beast (D:3)
  A black bear (D:5)
  2 scorpions
  2 hounds
  A jelly (D:5)
  An iguana (D:4)
  Ijyb (D:5)
  Natasha (thrice) (D:2)
  Terence (D:3)
  An orc wizard (D:3)
  Robin (D:3)
  3 gnolls (D:4)
  9 adders
  2 white imps
  2 ufetubi (D:5)
  2 worms
  5 dart slugs
  14 orcs
  3 bats
  8 endoplasms
  2 giant cockroaches (D:2)
  13 goblins
  7 hobgoblins
  3 quokkas
  7 ball pythons
  A frilled lizard (D:3)
  6 kobolds
  5 rats
110 creatures vanquished.

Vanquished Creatures (others)
  A plant (D:2)
1 creature vanquished.

Grand Total: 111 creatures vanquished

Notes
Turn   | Place    | Note
-------+----------+-------------------------------------------
     0 | D:1      | YayAnonymity the Gnoll Fighter began the quest for the Orb.
     0 | D:1      | Reached XP level 1. HP: 23/23 MP: 1/1
   177 | D:1      | Reached XP level 2. HP: 29/29 MP: 2/2
   689 | D:2      | Reached XP level 3. HP: 35/35 MP: 3/3
   731 | D:2      | Found a faded altar of an unknown god.
   736 | D:2      | Got Plato's Compendium of Execration
   792 | D:2      | Reached skill level 1 in Invocations
   856 | D:2      | Noticed Natasha
   861 | D:2      | Killed Natasha
   862 | D:2      | Reached skill level 1 in Short Blades
   862 | D:2      | Reached skill level 1 in Long Blades
   862 | D:2      | Reached skill level 1 in Axes
   862 | D:2      | Reached skill level 1 in Polearms
   862 | D:2      | Reached skill level 1 in Staves
   862 | D:2      | Reached skill level 1 in Slings
   862 | D:2      | Reached skill level 1 in Bows
   862 | D:2      | Reached skill level 1 in Crossbows
   862 | D:2      | Reached skill level 1 in Throwing
   862 | D:2      | Reached skill level 1 in Dodging
   862 | D:2      | Reached skill level 1 in Stealth
   862 | D:2      | Reached skill level 1 in Unarmed Combat
   862 | D:2      | Reached skill level 1 in Spellcasting
   862 | D:2      | Reached skill level 1 in Evocations
   862 | D:2      | Reached XP level 4. HP: 41/41 MP: 5/5
   863 | D:2      | Noticed Natasha
   870 | D:2      | Killed Natasha
   871 | D:2      | Reached skill level 1 in Conjurations
   871 | D:2      | Reached skill level 1 in Hexes
   871 | D:2      | Reached skill level 1 in Summonings
   871 | D:2      | Reached skill level 1 in Necromancy
   871 | D:2      | Reached skill level 1 in Translocations
   871 | D:2      | Reached skill level 1 in Transmutations
   871 | D:2      | Reached skill level 1 in Fire Magic
   871 | D:2      | Reached skill level 1 in Ice Magic
   871 | D:2      | Reached skill level 1 in Air Magic
   871 | D:2      | Reached skill level 1 in Earth Magic
   871 | D:2      | Reached skill level 1 in Poison Magic
   921 | D:2      | Noticed Sigmund
   973 | D:2      | Killed Sigmund
   974 | D:2      | Reached XP level 5. HP: 36/47 MP: 5/7
   974 | D:2      | Reached XP level 6. HP: 41/53 MP: 5/8
  1296 | D:2      | Noticed Natasha
  1301 | D:2      | Killed Natasha
  1552 | D:2      | Found a faded altar of an unknown god.
  1692 | D:2      | Found a faded altar of an unknown god.
  2032 | D:2      | Found a faded altar of an unknown god.
  2621 | D:2      | Found a faded altar of an unknown god.
  2756 | D:2      | Found a faded altar of an unknown god.
  3123 | D:3      | Noticed an ice beast
  3143 | D:3      | Killed an ice beast
  3144 | D:3      | Reached skill level 5 in Maces & Flails
  3337 | D:3      | Noticed Terence
  3343 | D:3      | Killed Terence
  3433 | D:3      | Noticed Robin
  3459 | D:3      | Killed Robin
  3494 | D:3      | Reached XP level 7. HP: 55/59 MP: 10/10
  4559 | D:4      | Found an ancient bone altar of Kikubaaqudgha.
  4958 | D:4      | Found a glowing golden altar of the Shining One.
  4964 | D:4      | Became a worshipper of the Shining One
  5038 | D:4      | Noticed Eustachio
  5052 | D:4      | Found a staircase to the Ecumenical Temple.
  5063 | D:4      | Killed Eustachio
  5093 | Temple   | Entered the Ecumenical Temple
  5188 | D:4      | Reached XP level 8. HP: 67/67 MP: 12/12
  5479 | D:4      | Found a stormy altar of Qazlal.
  5792 | D:5      | Entered Level 5 of the Dungeon
  5792 | D:5      | Noticed Ijyb
  5838 | D:5      | Killed Ijyb
  6285 | D:5      | Found a shadowy altar of Dithmenos.
  6427 | D:5      | Found a sacrificial altar of Ru.
  6475 | D:5      | Noticed Prince Ribbit
  6535 | D:5      | Killed Prince Ribbit
  6739 | D:5      | Noticed Grinder
  6793 | D:5      | Paralysed by Grinder for 3 turns
  6801 | D:5      | HP: 1/67 [Grinder/nerve-wracking pain (7)]
  6802 | D:5      | Slain by Grinder

Illustrated notes

Levels and vault maps discovered:
D:1:      heliophobic_arrival_battle_scene, layout_rooms, minmay_pentomino_s4
D:2:      layout_rooms, shapermc_ecumenical_altar_rom_forum, uniq_natasha,
          uniq_sigmund
D:3:      layout_loops_ring, minmay_misc_feat_nine_boxes, uniq_terence,
          uniq_robin
D:4:      layout_basic, lemuel_round_altar, grunt_qazlal_clouds,
          marbit_many_paths, temple_fountains, hangedman_abyss_or_decor_stabs,
          st_stairs_10, uniq_eustachio
D:5:      layout_cave_pods, nicolae_ru_sacrificial_ziggurat,
          mainiacjoe_overflow_catwalk, uniq_prince_ribbit1, uniq_ijyb,
          uniq_grinder
Temple:   corrupted_temple

Skill      XL: |  1  2  3  4  5  6  7  8 |
---------------+-------------------------+-----
Invocations    | 1 2 3 |  3.7
Short Blades   | 1 2 3 |  3.3
Long Blades    | 1 2 3 |  3.3
Axes           | 1 2 3 |  3.3
Polearms       | 1 2 3 |  3.3
Staves         | 1 2 3 |  3.3
Slings         | 1 2 3 |  3.3
Bows           | 1 2 3 |  3.3
Crossbows      | 1 2 3 |  3.3
Throwing       | 1 2 3 |  3.3
Dodging        | 1 2 3 |  3.3
Stealth        | 1 2 3 |  3.3
Unarmed Combat | 1 2 3 |  3.3
Spellcasting   | 1 2 3 |  3.3
Evocations     | 1 2 3 |  3.3
Conjurations   | 1 2 |  2.7
Hexes          | 1 2 |  2.7
Summonings     | 1 2 |  2.7
Necromancy     | 1 2 |  2.7
Translocations | 1 2 |  2.7
Transmutations | 1 2 |  2.7
Fire Magic     | 1 2 |  2.7
Ice Magic      | 1 2 |  2.7
Air Magic      | 1 2 |  2.7
Earth Magic    | 1 2 |  2.7
Poison Magic   | 1 2 |  2.7
Maces & Flails | 5 |  5.7
Fighting       | 7 |  7.4
Armour         | 7 |  7.4
Shields        | 7 |  7.4

Action                   |  1- 3 |  4- 6 |  7- 9 || total
-------------------------+-------+-------+-------++-------
Melee: Flail             |    37 |   112 |   100 ||   249
       Bite              |     3 |    10 |    37 ||    50
       Unarmed           |       |       |   199 ||   199
 Fire: Hunting sling     |    25 |     1 |    41 ||    67
  Use: Potion            |       |       |     1 ||     1
       Scroll            |       |       |    10 ||    10
Armor: Scale mail        |    15 |    14 |   188 ||   217
       Chain mail        |    14 |    47 |       ||    61
Dodge: Dodged            |    21 |    34 |   174 ||   229
Block: Buckler           |    12 |    23 |    53 ||    88
       Kite shield       |       |       |    86 ||    86

Table legend: (Time is in decaauts)
 A = Elapsed time spent in this place.
 B = Non-inter-level travel time spent in this place.
 C = Inter-level travel time spent in this place.
 D = Time resting spent in this place.
 E = Time spent auto-exploring this place.
 F = Levels seen in this place.
 G = Mean time per level.
                   A        B        C        D        E       F      G
               +--------+--------+--------+--------+--------+-----+--------+
         Total |   6920 |   6799 |    121 |    179 |   5468 |   6 | 1153.3 |
       Dungeon |   6852 |   6744 |    108 |    179 |   5423 |   5 | 1370.4 |
        Temple |     68 |     55 |     13 |      0 |     45 |   1 |   68.0 |
               +--------+--------+--------+--------+--------+-----+--------+

Top non-repeatable levels by time:
     D:2: 2441 daAuts
     D:4: 1508 daAuts
     D:3: 1215 daAuts
     D:5: 1001 daAuts
     D:1: 685 daAuts
  Temple: 68 daAuts
